 Dungeon Crawl Stone Soup version 0.29.1-2-gbd0b4ee654 (webtiles) character file.

Game seed: 14361177883468095266

595 KittyFluff the Cudgeller (level 7, 0/66 HPs)
             Began as a Gargoyle Berserker on Oct 26, 2022.
             Was a Priest of Trog.
             Slain by an orc warrior
             ... wielding a +0 dire flail
              (10 damage)
             ... on level 4 of the Dungeon.
             The game lasted 00:23:05 (4510 turns).

KittyFluff the Cudgeller (Gargoyle Berserker)       Turns: 4510, Time: 00:23:05

Health: 0/66       AC:  9    Str: 21    XL:     7   Next: 40%
Magic:  7/7        EV: 12    Int:  7    God:    Trog [***...]
Gold:   120        SH:  0    Dex: 11    Spells: 6/6 levels left

rFire   . . .      SeeInvis .   a - +0 mace
rCold   . . .      Faith    .   (no shield)
rNeg    + . .      Spirit   .   s - +0 leather armour
rPois   ∞          Reflect  .   (no helmet)
rElec   +          Harm     .   (no cloak)
rCorr   +          Rampage  .   b - +0 pair of gloves
Will    .....                   (no boots)
Stlth   ..........              (no amulet)
HPRegen 0.21/turn               h - ring of resist corrosion
MPRegen 0.10/turn               (no ring)

@: berserking, very quick
A: sickness immunity, AC +4, negative energy resistance 1, electricity
resistance, torment resistance 1, petrification resistance
a: Renounce Religion, Berserk, Trog's Hand


You were on level 4 of the Dungeon.
You worshipped Trog.
Trog was most pleased with you.
You visited 1 branch of the dungeon, and saw 4 of its levels.
You also visited: Sewer.

You collected 120 gold pieces.

Inventory:

Hand Weapons
 a - a +0 mace (weapon)
Missiles
 d - 17 stones (quivered)
Armour
 b - a +0 pair of gloves (worn)
 j - a +0 robe
 m - a +0 ring mail
 s - a +0 leather armour (worn)
Magical Staves
 n - a staff of earth
Jewellery
 h - a ring of resist corrosion (left hand)
Scrolls
 e - a scroll of poison
 g - a scroll of noise {unknown}
 i - a scroll of amnesia {unknown}
 l - a scroll of enchant weapon {unknown}
 p - a scroll of enchant armour {unknown}
 r - a scroll of teleportation {unknown}
 u - 4 scrolls of identify {unknown}
 v - 2 scrolls of blinking {unknown}
Potions
 c - 7 potions of curing {unknown}
 f - a potion of might {unknown}
 k - a potion of magic {unknown}
 o - a potion of heal wounds {unknown}
 q - 2 potions of cancellation {unknown}
 t - a potion of mutation {unknown}
 w - a potion of lignification {unknown}
 x - a potion of attraction {unknown}
 z - a potion of degeneration {unknown}


   Skills:
 + Level 4.8 Fighting
 + Level 5.9 Maces & Flails
 * Level 4.1 Armour
 + Level 2.9 Dodging
 + Level 1.8 Stealth


You had 6 spell levels left.
You didn't know any spells.
Your spell library was empty.

Dungeon Overview and Level Annotations

Branches:
Dungeon (4/15)              Sewer (visited)
 Temple: D:4-7

Altars:
Makhleb
Nemelex Xobeh
Sif Muna
The Shining One


Innate Abilities, Weirdness & Mutations

You are immune to sickness and miasma.
Your stone body is resilient. (AC +4)
You are immune to poison.
You resist negative energy. (rN+)
You are resistant to electric shocks. (rElec)
You are resistant to unholy torment.
You are immune to petrification.


Message History

You barely miss the orc wizard.
The orc wizard is heavily wounded.
The orc wizard hits you but does no damage.
You closely miss the orc wizard.
The orc wizard is heavily wounded.
The orc wizard hits you but does no damage.
You completely miss the orc wizard.
The orc wizard is heavily wounded.
The orc wizard closely misses you.
The orc wizard hits you but does no damage.
You hit the orc wizard.
The orc wizard is almost dead.
The orc wizard hits you but does no damage.
You hit the orc wizard.
You kill the orc wizard!
Trog accepts your kill.
Trog appreciates your killing of a magic user.
You start resting.
An orc warrior comes into view. It is wielding a +0 dire flail.
The orc warrior shouts!
A red film seems to cover your vision as you go berserk!
You feel yourself moving faster!
You feel mighty!
You barely miss the orc warrior.
The orc warrior hits you but does no damage.
You closely miss the orc warrior. You closely miss the orc warrior.
The orc warrior hits you with a +0 dire flail!
You hit the orc warrior.
The orc warrior is lightly wounded.
The orc warrior completely misses you.
You barely miss the orc warrior.
The orc warrior is lightly wounded.
The orc warrior hits you with a +0 dire flail!!
* * * LOW HITPOINT WARNING * * *
You hit the orc warrior.
The orc warrior is moderately wounded.
You sock the orc warrior!
The orc warrior is severely wounded.
The orc warrior hits you with a +0 dire flail!
You die...

.....~~.# ≈≈~~~##.#
~~~~~##.##########
........##.......#
.##........#####.###
.##........# #...# .
#.......## ###.# .
###.##### ##..# #.#
##@..# ... #o)..#
....# #...### ......
#...## #...# ....#
#_:.# #..# ###


You could see an orc warrior.

Vanquished Creatures
  A phantom (D:4)
  A necrophage (D:4)
  A howler monkey (D:4)
  3 iron imps (D:3)
  Jessica (D:2)
  4 orc wizards
  3 adders
  5 river rats
  3 worms
  4 dart slugs
  14 orcs
  11 endoplasms
  A giant cockroach (D:1)
  7 goblins
  14 hobgoblins
  2 jackals (D:2)
  3 kobolds
  3 quokkas
  9 ball pythons
  7 bats
  6 frilled lizards
  17 rats
120 creatures vanquished.

Notes
Turn   | Place    | Note
-------+----------+-------------------------------------------
     0 | D:1      | KittyFluff the Gargoyle Berserker began the quest for the
                  | Orb.
     0 | D:1      | Reached XP level 1. HP: 14/14 MP: 1/1
   172 | D:1      | Reached XP level 2. HP: 19/19 MP: 2/2
   831 | D:1      | Reached XP level 3. HP: 17/23 MP: 3/3
  1065 | D:2      | Noticed Jessica
  1080 | D:2      | Killed Jessica
  1378 | D:2      | Reached XP level 4. HP: 29/29 MP: 4/4
  1522 | D:2      | Reached skill level 4 in Maces & Flails
  1522 | D:2      | Reached skill level 1 in Stealth
  1590 | D:2      | Found a faded altar of an unknown god.
  1662 | D:2      | Reached ** piety under Trog
  2027 | D:3      | Reached XP level 5. HP: 28/33 MP: 5/5
  2475 | D:3      | Found a burning altar of Makhleb.
  2524 | D:3      | Reached skill level 5 in Maces & Flails
  2524 | D:3      | Reached XP level 6. HP: 30/38 MP: 6/6
  3084 | D:4      | Found a glowing drain.
  3097 | Sewer    | Entered a sewer
  3306 | Sewer    | Reached *** piety under Trog
  3369 | Sewer    | Reached XP level 7. HP: 32/44 MP: 7/7
  4295 | D:4      | Found a sparkling altar of Nemelex Xobeh.
  4316 | D:4      | Found a glowing golden altar of the Shining One.
  4444 | D:4      | Found a shimmering blue altar of Sif Muna.
  4510 | D:4      | Slain by an orc warrior

Illustrated notes

Levels and vault maps discovered:
D:1:      wander_arrival_lonely_grave, layout_basic, serial_rivers,
          chequers_serial_rivers_micro_c, chequers_serial_rivers_micro_b,
          chequers_serial_rivers_micro_b, chequers_serial_rivers_small_a,
          chequers_serial_rivers_micro_e
D:2:      layout_loops_ring, shapermc_ecumenical_altar_starsandcircs,
          minmay_misc_feat_square, uniq_jessica
D:3:      layout_rooms, demons_altar
D:4:      layout_basic, nzn_overflow_gifts_of_might_and_magic, elyvilon_altar_5,
          mainiacjoe_overflow_swirl, cheibrodos_sewer_entry_sluice,
          serial_shops, shop, grunt_ministairs_13

Skill      XL: |  1  2  3  4  5  6  7 |
---------------+----------------------+-----
Dodging        | 2 |  2.9
Maces & Flails | 4 5 |  5.9
Stealth        | 1 |  1.8
Fighting       | 4 |  4.8
Armour         | 3 4 |  4.1

Action                   |  1- 3 |  4- 6 |  7- 9 || total
-------------------------+-------+-------+-------++-------
Melee: Mace              |    68 |   314 |    69 ||   451
       Punch             |       |     1 |       ||     1
Invok: Berserk           |     1 |     2 |     2 ||     5
  Use: Scroll            |     1 |       |       ||     1
 Stab: Sleeping          |     1 |     3 |     1 ||     5
Armor: Animal skin       |    21 |       |       ||    21
       Robe              |     4 |    75 |       ||    79
       Leather armour    |       |    36 |    34 ||    70
Dodge: Dodged            |    52 |   182 |    25 ||   259
